 Dungeon Crawl Stone Soup version 0.28-a0-410-gbef64dd269 (console) character file.

Game seed: 12338989449327511769

69 toffzen the Slasher (level 4, 0/60 HPs)
             Began as a Minotaur Cinder Acolyte on Sept 6, 2021.
             Was a High Priest of Ignis.
             Succumbed to a goblin's poison
             ... on level 2 of the Dungeon.
             The game lasted 00:05:57 (1744 turns).

toffzen the Slasher (Minotaur Cinder Acolyte)       Turns: 1744, Time: 00:05:57

Health: 0/60       AC: 22    Str: 26    XL:     4   Next: 2%
Magic:  4/4        EV:  2    Int: 11    God:    Ignis [*****.]
Gold:   29         SH:  0    Dex:  5    Spells: 5/5 levels left

rFire   + . .      SeeInvis .   a - -1 falchion (flame)
rCold   . . .      Faith    .   (no shield)
rNeg    + + +      Spirit   .   (armour currently unavailable)
rPois   +          Reflect  .   (helmet currently unavailable)
rElec   .          Harm     .   (cloak currently unavailable)
rCorr   .          Rampage  .   (gloves currently unavailable)
Will    .....      NoTele   +   (boots currently unavailable)
Stlth   +.........              (no amulet)
HPRegen 0.20/turn               d - +6 ring of strength
MPRegen 0.09/turn               (no ring)

@: mighty, lethally poisoned (0 -> -1), tree-form
A: stationary, stasis, torment immunity, boosted hp, (horns 2), (retaliatory
headbutt)
a: Renounce Religion, Sea of Fire, Foxfire Swarm, Rising Flame


You were on level 2 of the Dungeon.
You worshipped Ignis.
Ignis was extremely pleased with you.
You were a tree.
You visited 1 branch of the dungeon, and saw 2 of its levels.

You collected 29 gold pieces.

Inventory:

Hand Weapons
 a - a -1 falchion of flaming (weapon)
Missiles
 g - 59 stones (quivered)
Armour
 c - a +0 ring mail (melded)
Jewellery
 d - a +6 ring of strength (left branch)


   Skills:
 + Level 4.2 Fighting
 * Level 4.7 Long Blades
 + Level 1.7 Armour
 + Level 1.5 Dodging
 - Level 1.0 Spellcasting
 - Level 2.1 Fire Magic


You had 5 spell levels left.
You didn't know any spells.
Your spell library contained the following spells:

 Spells                   Type           Power      Damage    Failure   Level
 Scorch                   Fire           10%        2d5       21%         2
 Sting                    Tmut/Pois      0%         1d3       32%         1
 Poisonous Vapours        Pois/Air       0%         N/A       43%         2
 Olgreb's Toxic Radiance  Pois           0%         N/A       97%         4


Dungeon Overview and Level Annotations

Branches:
Dungeon (2/15)

Altars:

Shops:
D:2 =

Annotations:
D:2 Robin


Innate Abilities, Weirdness & Mutations

You are a tree.
Your roots penetrate the ground, keeping you stationary.
You cannot be teleported.
You are immune to unholy pain and torment.
Your maximum health is greatly increased.
Your equipment is partially melded.
((You have a pair of horns on your head.))
((You reflexively headbutt those who attack you in melee.))


Message History

The goblin hits you with a +1 dagger of venom.
You are lethally poisoned!
You slash the goblin! You burn the goblin.
You kill the goblin!
* * * LOW HITPOINT WARNING * * *
You feel very sick. The hobgoblin barely misses you.
The goblin closely misses you. You furiously retaliate!
You headbutt the goblin!
You kill the goblin!
You slash the hobgoblin! You burn the hobgoblin.
You kill the hobgoblin!
* * * LOW HITPOINT WARNING * * *
You feel sick.
You have reached level 4!
You feel stronger.
You aren't carrying any scrolls.
Unknown command.
It was a potion of lignification.
You turn into a tree.
Your +0 ring mail melds into your body.
Your roots penetrate the ground.
* * * LOW HITPOINT WARNING * * *
You feel sick.
The frilled lizard bites you but does no damage.
You completely miss the frilled lizard.
* * * LOW HITPOINT WARNING * * *
You feel sick. The frilled lizard barely misses you.
The frilled lizard bites you but does no damage.
You barely miss the frilled lizard.
* * * LOW HITPOINT WARNING * * *
You feel sick.
Robin flexes a bicep menacingly.
The frilled lizard bites you but does no damage.
You closely miss the frilled lizard.
* * * LOW HITPOINT WARNING * * *
You feel sick.
The frilled lizard bites you but does no damage.
You slash the frilled lizard! You burn the frilled lizard.
You kill the frilled lizard!
* * * LOW HITPOINT WARNING * * *
You feel sick.
You die...

......
#####)............
...##.#.
####............. ..
#...##..............#. .
.....g.#.........##...
...# #..............
.#.###.........##...
#...#.........##..#
.###.#)#(.g............#
......)♣#............#.#
......).#..............#
#......................#
#......................#
#........##............#
#.......................
#.?#.#.... ..##..#.#####
#.#.......# # ####


You could see Robin.

Vanquished Creatures
  An adder (D:2)
  2 dart slugs (D:1)
  6 bats
  11 goblins
  7 hobgoblins
  4 jackals (D:1)
  A kobold (D:1)
  7 ball pythons
  4 frilled lizards
  9 rats
52 creatures vanquished.

Notes
Turn   | Place    | Note
-------+----------+-------------------------------------------
     0 | D:1      | toffzen the Minotaur Cinder Acolyte began the quest for the
                  | Orb.
     0 | D:1      | Reached XP level 1. HP: 19/19 MP: 1/1
   420 | D:1      | Reached XP level 2. HP: 23/27 MP: 2/2
   657 | D:1      | Reached skill level 1 in Armour
   837 | D:1      | Reached skill level 1 in Dodging
  1000 | D:1      | Reached XP level 3. HP: 32/33 MP: 3/3
  1687 | D:2      | Found Weufoif's Jewellery Shop.
  1703 | D:2      | Noticed Robin
  1712 | D:2      | Identified a scroll of acquirement
  1712 | D:2      | Acquired a +6 ring of strength
  1739 | D:2      | Reached XP level 4. HP: 5/40 MP: 4/4
  1742 | D:2      | HP: 2/60 [poisoned by a goblin]
  1744 | D:2      | Succumbed to a goblin's poison

Illustrated notes

Levels and vault maps discovered:
D:1:      saegor_arrival_under_anarchy, layout_loops_corners
D:2:      layout_rooms, serial_shops, shop, uniq_robin

Skill      XL: |  1  2 |
---------------+-------+-----
Long Blades    | 4 |  4.7
Armour         | 1 |  1.7
Dodging        | 1 |  1.5
Fighting       | 4 |  4.2
Spellcasting   | |  1.0
Fire Magic     | |  2.1

Action                   |  1- 3 |  4- 6 || total
-------------------------+-------+-------++-------
Melee: Falchion          |   137 |     4 ||   141
       Headbutt          |     9 |       ||     9
Throw: Stone             |     3 |       ||     3
  Use: Scroll            |     3 |       ||     3
       Potion            |     1 |     1 ||     2
Armor: Ring mail         |    83 |       ||    83
       Skin              |       |     4 ||     4
Dodge: Dodged            |   101 |     1 ||   102

Table legend: (Time is in decaauts)
 A = Elapsed time spent in this place.
 B = Non-inter-level travel time spent in this place.
 C = Inter-level travel time spent in this place.
 D = Time resting spent in this place.
 E = Time spent auto-exploring this place.
 F = Levels seen in this place.
 G = Mean time per level.
                   A        B        C        D        E       F      G
               +--------+--------+--------+--------+--------+-----+--------+
         Total |   1755 |   1717 |     38 |    285 |    958 |   2 |  877.5 |
       Dungeon |   1755 |   1717 |     38 |    285 |    958 |   2 |  877.5 |
               +--------+--------+--------+--------+--------+-----+--------+

Top non-repeatable levels by time:
     D:1: 1373 daAuts
     D:2: 382 daAuts
